 Dungeon Crawl Stone Soup version 0.31-a0-204-g7da18cac08 (webtiles) character file.

Game seed: 4825818624679793314

408 gelatine the Scholar of Death (level 6, -10/43 HPs)
             Began as a Mummy Necromancer on June 27, 2023.
             Was a Follower of Kikubaaqudgha.
             Killed from afar by a ynoxinul (31 damage)
             ... with an entropic shot
             ... summoned by a kobold demonologist
             ... on level 5 of the Dungeon.
             The game lasted 00:15:34 (5180 turns).

gelatine the Scholar of Death (Mummy Necromancer)   Turns: 5180, Time: 00:15:35

Health: -10/43     AC:  3    Str: 12    XL:     6   Next: 57%
Magic:  7/13       EV: 17    Int: 16    God:    Kikubaaqudgha [*.....]
Gold:   334        SH:  0    Dex: 12    Spells: 7/15 levels left

rFire   x . .        k - +1 falchion (vamp)
rCold   + . .        h - orb {light}
rNeg    + + +        a - +0 robe
rPois   ∞            c - +0 helmet
rElec   .            (no cloak)
rCorr   +            (no gloves)
SInv    .            (no boots)
Will    .....        g - amulet of regeneration
Stlth   +            e - ring of resist corrosion
HPRegen 1.07/turn    l - +5 ring of evasion
MPRegen 0.13/turn

%: faith
@: glowing
A: cold resistance 1, negative energy resistance 3, torment resistance 2, heat
vulnerability 1, in touch with death 1, no potions, faith
a: Renounce Religion, Unearth Wretches


You were on level 5 of the Dungeon.
You worshipped Kikubaaqudgha.
Kikubaaqudgha was aware of your devotion.
You visited 2 branches of the dungeon, and saw 6 of its levels.

You collected 334 gold pieces.

Inventory:

Hand Weapons
 j - a +1 short sword of protection
 k - a +1 vampiric falchion (weapon)
 n - a +3 dagger
Armour
 a - a +0 robe (worn)
 c - a +0 helmet (worn)
 h - an orb of light (worn)
 m - +0 pearl dragon scales
Jewellery
 e - a ring of resist corrosion (left hand)
 g - an amulet of regeneration (around neck)
 l - a +5 ring of evasion (right hand)
 o - an amulet of magic regeneration
Scrolls
 b - 4 scrolls of identify
 d - a scroll of noise {unknown}
 f - 4 scrolls of revelation {unknown}
 i - a scroll of immolation {unknown}


   Skills:
 * Level 1.3 Fighting
 + Level 0.2(0.5) Short Blades
 + Level 0.5(0.6) Long Blades
 * Level 2.2 Dodging
 + Level 1.8 Stealth
 * Level 5.3 Spellcasting
 * Level 6.1 Necromancy


You had 7 spell levels left.
You knew the following spells:

 Your Spells              Type           Power      Damage    Failure   Level
a - Necrotise             Necr           100%       1d9       1%          1
b - Vampiric Draining     Necr           36%        2d8       3%          3
c - Animate Dead          Necr           36%        N/A       12%         4

Your spell library contained the following spells:

 Spells                   Type           Power      Damage    Failure   Level
 Cigotuvi's Dreadful Rot  Necr/Pois/Air  32%        N/A       10%         2
 Sandblast                Erth           8%         2d5       16%         1
 Passwall                 Tmut/Erth      3%         N/A       22%         2
 Poisonous Vapours        Pois/Air       8%         N/A       22%         2
 Agony                    Necr           36%        N/A       32%         5
 Mephitic Cloud           Conj/Pois/Air  4%         N/A       41%         3
 Stone Arrow              Conj/Erth      8%         3d7       41%         3
 Freezing Cloud           Conj/Ice/Air   2%         6-21      99%         5


Dungeon Overview and Level Annotations

Branches:
Dungeon (5/15)             Temple (1/1) D:5

Altars:
Ashenzari
Cheibriados
Dithmenos
Fedhas
Gozag
Hepliaklqana
Kikubaaqudgha
Makhleb
Nemelex Xobeh
Okawaru
Qazlal
Ru
Sif Muna
Trog
Vehumet
Wu Jian
Xom
Yredelemnul

Annotations:
D:5 Duvessa


Innate Abilities, Weirdness & Mutations

You are immune to poison.
Your flesh is cold resistant. (rC+)
You are immune to negative energy. (rN+++)
You are immune to unholy pain and torment.
You are vulnerable to heat. (rF-)
You are in touch with the powers of death.
You do not drink.
You have a special connection with the divine. (Faith)


Message History

You closely miss the kobold demonologist.
The quokka barely misses you.
The kobold demonologist gestures wildly while chanting.
The yak closely misses you. The quokka barely misses you.
You hit the kobold demonologist.
You feel better.
The kobold demonologist is lightly wounded.
The quokka barely misses you. The yak gores you!
The kobold demonologist hits you but does no damage.
The white imp barely misses you.
The iron imp shouts, "Take thy face hence, thou foppish wibble-sucking flax-wench!"
The kobold demonologist hits you with a +0 dagger.
The yak barely misses you.
Casting: Vampiric Draining (dangerous; 3% risk of failure)
Confirm with . or Enter, or press ? or * to list all spells.
Aiming: Vampiric Draining (dangerous; 3% risk of failure)
Press: ? - help, Shift-Dir - straight line, f - kobold demonologist
Aim: a kobold demonologist, wielding a +0 dagger and wearing a +0 robe (lightly wounded, haloed)
You feel a surge of power!
You draw life force from the kobold demonologist.
You feel life coursing into your body. The white imp gestures at you.
The puff of frost hits you. You resist. The yak barely misses you.
The kobold demonologist hits you with a +0 dagger.
The ynoxinul hits you.
Casting: Vampiric Draining (dangerous; 3% risk of failure)
Confirm with . or Enter, or press ? or * to list all spells.
Aiming: Vampiric Draining (dangerous; 3% risk of failure)
Press: ? - help, Shift-Dir - straight line, f/p - kobold demonologist
Aim: a kobold demonologist, wielding a +0 dagger and wearing a +0 robe (moderately wounded, haloed)
You feel a surge of power!
You draw life force from the kobold demonologist!
You feel life coursing into your body. The white imp hits you.
The white imp freezes you. You resist.
The kobold demonologist hits you with a +0 dagger.
The yak completely misses you. The ynoxinul gestures at you.
The entropic shot hits you!!
Ouch! That really hurt!
You die...
Kikubaaqudgha rasps: "You have failed me!
Welcome... oblivion!"

.......#..#.#.###.#......#.....#
.......#..####.####......'.....#
...Z..Z#...##.⌠.##.......#.....#
##.Z##'#....##.##.########.....#
##..#.........#.............#####
#..#.......................+....
#..#.......................#....
#..#..........ZZ5..........#....
####.........##@##.........#####
#.......####K3Y####....#......
#.....### #5r5# ###..#......
#....##.# #...# ##.#......
#....Z.!# #...# +........
#....##.# #...# ##........
##.#..### #...# ###..#######
#......##+#(?:#+##...........
######....#####..............


You could see a kobold demonologist, a yak, a ynoxinul (summoned, ally target),
an iron imp (summoned), a white imp (summoned), a shadow imp (summoned), a
quokka, a friendly steam dragon zombie and a friendly gnoll zombie.

Vanquished Creatures
  A steam dragon (D:5)
  Dowan (D:5)
  A hound (D:3)
  A sleepcap (D:4)
  An iguana (D:5)
  An orc wizard (D:4)
  3 gnolls (D:3)
  8 adders
  2 worms (D:4)
  2 dart slugs (D:2)
  18 orcs
  5 bats
  4 endoplasms
  2 giant cockroaches
  5 goblins
  7 hobgoblins
  3 jackals
  11 kobolds
  A quokka (D:5)
  8 ball pythons
  2 frilled lizards
  8 rats
95 creatures vanquished.

Vanquished Creatures (collateral kills)
  A hound (D:5)
  A gnoll (D:3)
  An orc (D:5)
  2 bats (D:1)
  An endoplasm (D:1)
  A ball python (D:1)
  A rat (D:3)
8 creatures vanquished.

Vanquished Creatures (others)
  A scorpion (D:5)
  A scorpion zombie (D:5)
  2 gnolls (D:5)
  2 gnoll zombies (D:3)
  5 orc zombies (D:4)
11 creatures vanquished.

Grand Total: 114 creatures vanquished

Notes
Turn   | Place    | Note
-------+----------+-------------------------------------------
     0 | D:1      | gelatine the Mummy Necromancer began the quest for the Orb.
     0 | D:1      | Reached XP level 1. HP: 13/13 MP: 4/4
   282 | D:1      | Reached XP level 2. HP: 19/19 MP: 0/5
   578 | D:1      | Found a faded altar of an unknown god.
   889 | D:1      | Gained mutation: You are in touch with the powers of death.
                  | [Mummy growth]
   889 | D:1      | Reached XP level 3. HP: 24/24 MP: 4/7
  1293 | D:2      | Learned a level 3 spell: Vampiric Draining
  1504 | D:2      | Reached skill level 5 in Necromancy
  1504 | D:2      | Reached XP level 4. HP: 30/30 MP: 3/9
  2211 | D:3      | Learned a level 4 spell: Animate Dead
  2373 | D:3      | Reached XP level 5. HP: 11/36 MP: 4/11
  2900 | D:3      | Found an ancient bone altar of Kikubaaqudgha.
  2910 | D:3      | Became a worshipper of Kikubaaqudgha
  3292 | D:4      | Reached * piety under Kikubaaqudgha
  3292 | D:4      | Received a gift from Kikubaaqudgha
  3599 | D:4      | Reached skill level 1 in Fighting
  3599 | D:4      | Reached XP level 6. HP: 37/43 MP: 10/13
  4330 | D:5      | Entered Level 5 of the Dungeon
  4371 | D:5      | Found a staircase to the Ecumenical Temple.
  4379 | Temple   | Entered the Ecumenical Temple
  4602 | D:5      | Noticed Duvessa
  4990 | D:5      | Noticed Dowan
  4997 | D:5      | Killed Dowan
  4998 | D:5      | Reached skill level 5 in Spellcasting
  4998 | D:5      | Reached skill level 6 in Necromancy
  5168 | D:5      | Noticed a yak
  5168 | D:5      | Noticed a kobold demonologist
  5172 | D:5      | Noticed a ynoxinul
  5180 | D:5      | Killed from afar by a ynoxinul

Illustrated notes

Levels and vault maps discovered:
D:1:      amcnicky_arrival_gap_in_the_tavern_cellar, layout_loops_ring,
          shapermc_ecumenical_altar_mp_vishouse
D:2:      layout_loops_ring
D:3:      layout_loops_corners, nicolae_kikubaaqudgha_miasma_corner
D:4:      layout_basic, corexii_leaking_fountain, kennysheep_diamond
D:5:      layout_gridville, mainiacjoe_overflow_swirl, minmay_temple_entry_tees,
          grunt_ministairs_15, corexii_shack, st_stairs_3,
          chequers_serial_rivers_room_b, grunt_decor_mini_mirrors,
          minmay_divided_ellipse, uniq_duvessa, uniq_crazy_yiuf_cottage
Temple:   compressed_dpeg_circular_temple

Skill      XL: |  1  2  3  4  5  6 |
---------------+-------------------+-----
Spellcasting   | 3 4 5 |  5.3
Necromancy     | 5 6 |  6.1
Dodging        | 2 |  2.2
Fighting       | 1 |  1.3
Short Blades   | |  0.2
Long Blades    | |  0.5
Stealth        | |  1.8

Action                     |  1- 3 |  4- 6 || total
---------------------------+-------+-------++-------
  Melee: Dagger            |    11 |       ||    11
         Short sword       |       |    47 ||    47
         Falchion          |       |    58 ||    58
   Cast: Necrotise         |    71 |    78 ||   149
         Animate Dead      |       |     5 ||     5
         Vampiric Draining |       |     5 ||     5
 Invoke: Unearth Wretches  |       |     2 ||     2
    Use: Scroll            |       |     2 ||     2
   Stab: Distracted        |       |     1 ||     1
         Paralysed         |       |     2 ||     2
 Armour: Robe              |    14 |    19 ||    33
  Dodge: Dodged            |    25 |   124 ||   149

Table legend: (Time is in decaauts)
 A = Elapsed time spent in this place.
 B = Non-inter-level travel time spent in this place.
 C = Inter-level travel time spent in this place.
 D = Time resting spent in this place.
 E = Time spent auto-exploring this place.
 F = Levels seen in this place.
 G = Mean time per level.
                   A        B        C        D        E       F      G
               +--------+--------+--------+--------+--------+-----+--------+
         Total |   5192 |   5100 |     92 |      0 |   4328 |   6 |  865.3 |
       Dungeon |   5108 |   5016 |     92 |      0 |   4269 |   5 | 1021.6 |
        Temple |     83 |     83 |      0 |      0 |     59 |   1 |   83.0 |
               +--------+--------+--------+--------+--------+-----+--------+

Top non-repeatable levels by time:
     D:4: 1223 daAuts
     D:1: 1177 daAuts
     D:3: 974 daAuts
     D:2: 962 daAuts
     D:5: 770 daAuts
  Temple: 83 daAuts
